 Dungeon Crawl Stone Soup version 0.31-a0-765-g67fe2935dc (webtiles) character file.

Game seed: 8063189780230705861

44 SmokeWeed the Shooter (level 3, -3/21 HPs)
             Began as a Deep Elf Hunter on Sept 16, 2023.
             Killed from afar by Natasha (9 damage)
             ... with a magic dart
             ... on level 2 of the Dungeon.
             The game lasted 00:04:36 (1273 turns).

SmokeWeed the Shooter (Deep Elf Hunter)             Turns: 1273, Time: 00:04:38

Health: -3/21      AC:  8    Str: 13    XL:     3   Next: 39%
Magic:  5/5        EV:  7    Int: 17    God:
Gold:   95         SH:  0    Dex: 20    Spells: 2/2 levels left

rFire   . . .        s - +11 whip "Ifaepruth" {elec, Str+5 Int+4}
rCold   . . .        (no shield)
rNeg    . . .        p - +0 chain mail
rPois   .            (no helmet)
rElec   .            (no cloak)
rCorr   .            (no gloves)
SInv    .            (no boots)
Will    .....        (no amulet) Stlth
                     (no ring)
HPRegen 0.23/turn    (no ring)
MPRegen 0.09/turn

%: no passive effects
@: no status effects
A: no striking features
a: no special abilities


You were on level 2 of the Dungeon.
You visited 1 branch of the dungeon, and saw 2 of its levels.

You collected 95 gold pieces.

Inventory:

Hand Weapons
 a - a +0 shortbow
 o - a +0 antimagic short sword
 s - the +11 whip "Ifaepruth" (weapon) {elec, Str+5 Int+4}
   (You found it on level 2 of the Dungeon)

   Str+5:     It affects your strength (+5).
   Int+4:     It affects your intelligence (+4).
Armour
 c - a +0 leather armour
 j - the +0 buckler of Qiuziv {Harm Rampage}
   (You found it on level 2 of the Dungeon)

   Harm:      It increases damage dealt and taken.
   Rampage:   It bestows one free step when moving towards enemies.
 n - a +0 scale mail
 p - a +0 chain mail (worn)
Scrolls
 b - a scroll of butterflies
 e - a scroll of noise {unknown}
 h - a scroll of enchant weapon {unknown}
 i - a scroll of enchant armour {unknown}
 l - a scroll of identify {unknown}
 m - a scroll of fog {unknown}
Potions
 d - a potion of resistance {unknown}
 f - 4 potions of curing {unknown}
 g - 2 potions of invisibility {unknown}
 k - 2 potions of enlightenment {unknown}
 q - a potion of magic {unknown}
 r - a potion of mutation {unknown}


   Skills:
 + Level 1.8 Fighting
 + Level 6.7 Ranged Weapons
 + Level 0.1 Armour
 + Level 2.4 Dodging
 + Level 1.2 Stealth


You had 2 spell levels left.
You didn't know any spells.
Your spell library was empty.

Dungeon Overview and Level Annotations

Branches:
Dungeon (2/15)

Altars:
Okawaru

Shops:
D:2 [

Annotations:
D:2 Natasha


Message History

Okay, then.
f - 4 white potions (gained 1)
You see here a +0 short sword.
Found a club.
There is a stone staircase leading down here.
Fire: a) +0 shortbow
Press: ? - help, Q - select action Shift-Dir - straight line, f - you
Okay, then.
You see here the +11 whip "Ifaepruth" {elec, Str+5 Int+4}.
s - the +11 whip "Ifaepruth" {elec, Str+5 Int+4} You feel stronger.
You feel clever.
You hear the crackle of electricity.
s - the +11 whip "Ifaepruth" (weapon)
{elec, Str+5 Int+4}
Found a stone staircase leading up.
You now have 95 gold pieces (gained 7).
Natasha, Servant of Life and Death comes into view.
Natasha hisses angrily.
Natasha casts a spell at you. The magic dart hits you.
You completely miss Natasha.
Natasha mumbles some strange words.
You hit Natasha.
Natasha is moderately wounded.
Natasha claws you.
The cerulean imp hits you but does no damage.
Natasha mumbles some strange words.
You barely miss Natasha.
Natasha is moderately wounded.
The cerulean imp hits you from afar with a +1 spear.
The cerulean imp hits you with a +1 spear.
Natasha barely misses you.
You hit Natasha.
Natasha is heavily wounded.
The cerulean imp hits you from afar with a +1 spear.
* * * LOW HITPOINT WARNING * * *
The cerulean imp hits you but does no damage.
Natasha casts a spell at you. The magic dart hits you!
You die...
Natasha begins licking her fur clean.

####............
~≈##........#.###..#.#
≈~##............#.... .
~≈##.......#.#..#.#.#..#
≈≈##....................
####.........#†#.#..#..
......#..............
......#.....#.#5.#.#
......#####.....@h.#
......# ##..#.#.5.....
......# #....#.....#.
......# ###..#.........
......####....###.....#.
........................
)......###.##.#.#......#
.......................#
.......>..)....#####...


You could see Natasha and 2 cerulean imps.

Vanquished Creatures
  A dart slug (D:1)
  3 bats
  2 endoplasms
  2 giant cockroaches
  5 goblins
  4 hobgoblins
  3 jackals (D:1)
  A quokka (D:2)
  5 ball pythons
  4 frilled lizards
  3 kobolds
  3 rats
36 creatures vanquished.

Notes
Turn   | Place    | Note
-------+----------+-------------------------------------------
     0 | D:1      | SmokeWeed the Deep Elf Hunter began the quest for the Orb.
     0 | D:1      | Reached XP level 1. HP: 12/12 MP: 3/3
    54 | D:1      | Reached XP level 2. HP: 10/16 MP: 4/4
    56 | D:1      | Reached skill level 6 in Ranged Weapons
   254 | D:1      | Found a faded altar of an unknown god.
   559 | D:1      | Reached XP level 3. HP: 21/21 MP: 5/5
   878 | D:2      | Identified the +0 buckler of Qiuziv {Harm Rampage}
  1076 | D:2      | Found an iron altar of Okawaru.
  1168 | D:2      | Found Naidgh's Armour Shop.
  1217 | D:2      | Identified the +11 whip "Ifaepruth" {elec, Str+5 Int+4}
  1265 | D:2      | Noticed Natasha
  1273 | D:2      | Killed from afar by Natasha

Illustrated notes

Levels and vault maps discovered:
D:1:      heliophobic_arrival_battle_scene, layout_basic,
          ebering_ecumenical_altar_mist, minmay_surrounded
D:2:      layout_basic, serial_shops, nicolae_shop_window_shopping, basic_altar,
          hangedman_decor_points, serial_bayou_pond_c, minivault_19,
          chequers_serial_rivers_room_b, uniq_natasha

Skill      XL: |  1  2 |
---------------+-------+-----
Ranged Weapons | 6 |  6.7
Fighting       | |  1.8
Armour         | |  0.1
Dodging        | |  2.4
Stealth        | |  1.2

Action                     || total
---------------------------++-------
  Melee: Whip              ||     4
   Fire: Shortbow          ||    94
 Armour: Leather armour    ||     8
         Scale mail        ||    13
         Chain mail        ||    10
  Dodge: Dodged            ||    12

Table legend: (Time is in decaauts)
 A = Elapsed time spent in this place.
 B = Non-inter-level travel time spent in this place.
 C = Inter-level travel time spent in this place.
 D = Time resting spent in this place.
 E = Time spent auto-exploring this place.
 F = Levels seen in this place.
 G = Mean time per level.
                   A        B        C        D        E       F      G
               +--------+--------+--------+--------+--------+-----+--------+
         Total |   1300 |   1227 |     73 |      0 |    958 |   2 |  650.0 |
       Dungeon |   1300 |   1227 |     73 |      0 |    958 |   2 |  650.0 |
               +--------+--------+--------+--------+--------+-----+--------+

Top non-repeatable levels by time:
     D:1: 875 daAuts
     D:2: 425 daAuts
